AoeStats
← TheRatPatrol785

Nomad

505132099Analyzed
4v4 RM · 25d ago on Sep 8, 2026· 46m 11s· 8 players
Game mode
Random Map
Map size
231×231
Population
200
Speed
Normal
Resources
Standard
Victory
Conquest
Starting age
Dark Age
Ending age
Imperial Age
RankedLock teamsTeams togetherTeam positionsShared explorationLock speedFull tech treeHidden civsTurbo modeCheats
Victory
Defeat
🇲🇽 Ethiopians · Mexico
1115
+14
🇨🇱 Malay · Chile
1034
+17
🇲🇽 Persians · Mexico
1006
+18
🇲🇽 Japanese · Mexico
924
+21
🇺🇸 Spanish · United States
1058
-18
🇺🇸 Huns · United States
1054
-18
🇺🇸 Bengalis · United States
1051
-17
🇺🇸 Franks · United States
1041
-17
dl ReAPeR lRz
4:38 Loom
14:42 Feudal Age
15:46 Town Watch
19:10 Wheelbarrow
19:38 Double-Bit Axe
22:28 Castle Age
20:38 Fletching
20:49 Padded Archer Armor
21:40 Gold Mining
23:51 Hand Cart
22:59 Crossbowman
25:28 Bodkin Arrow
38:50 Leather Archer Armor
43:21 Ballistics
43:27 Fishing Lines
43:40 Elite Skirmisher
44:26 Thumb Ring
46:12 Bow Saw
46:06 Town Patrol
46:45 Gold Shaft Mining
46:00 Stone Mining
46:45 Gold Shaft Mining
46:00 Stone Mining
45:53 Horse Collar
D4nielSDH
3:31 Loom
16:59 Feudal Age
17:39 Fishing Lines
22:00 Double-Bit Axe
23:51 Bloodlines
24:32 Forging
24:23 Scale Mail Armor
24:29 Scale Barding Armor
25:12 Fletching
33:25 Castle Age
31:14 Arson
32:29 Man-at-Arms
34:09 Bodkin Arrow
34:00 Pikeman
34:42 Squires
34:31 Gambesons
37:05 Light Cavalry
37:46 Husbandry
38:15 Chain Barding Armor
44:34 Imperial Age
44:44 Iron Casting
44:46 Gold Mining
44:49 Stone Mining
45:47 Conscription
46:50 Blast Furnace
GERMANICO7222
4:36 Loom
18:41 Feudal Age
18:27 Fishing Lines
26:02 Gold Mining
26:00 Double-Bit Axe
30:13 Castle Age
30:57 Stone Mining
31:49 Gold Shaft Mining
31:06 Stone Mining
31:47 Gillnets
32:54 Wheelbarrow
34:11 Medium Warships
34:23 Scale Barding Armor
34:25 Town Watch
35:20 Hand Cart
37:21 Bow Saw
37:49 Stone Shaft Mining
37:30 Husbandry
39:40 Forging
41:47 Coinage
48:12 Imperial Age
hugobsky
6:04 Loom
14:09 Feudal Age
18:59 Castle Age
17:13 Double-Bit Axe
20:25 Wheelbarrow
29:56 Bow Saw
32:25 Gold Mining
33:33 Scale Barding Armor
35:01 Chain Barding Armor
34:57 Horse Collar
39:44 Imperial Age
38:14 Forging
39:27 Husbandry
39:39 Bloodlines
39:26 Cavalier
40:45 Plate Barding Armor
42:03 Iron Casting
40:51 Savar
42:38 Conscription
Showbiz8624
4:54 Loom
16:02 Feudal Age
20:10 Double-Bit Axe
23:14 Scale Barding Armor
23:20 Forging
24:17 Bloodlines
30:56 Castle Age
33:31 Fletching
34:16 Chain Barding Armor
37:01 Ballistics
41:38 Bodkin Arrow
TheRatPatrol785
4:38 Loom
6:03 Loom
40:22 Feudal Age
41:30 Town Watch
42:21 Wheelbarrow
41:57 Double-Bit Axe
41:59 Horse Collar
43:10 Gold Mining
46:13 Castle Age
philber
11:28 Loom
17:12 Feudal Age
23:03 Castle Age
22:00 Double-Bit Axe
24:51 Husbandry
25:54 Scale Barding Armor
33:15 Wheelbarrow
33:04 Forging
33:40 Bow Saw
35:10 Hand Cart
41:38 Imperial Age
42:12 Masonry
41:59 Murder Holes
stankms
5:13 Loom
14:34 Feudal Age
15:04 Double-Bit Axe
17:21 Town Watch
23:09 Castle Age
21:34 Fletching
21:58 Horse Collar
24:26 Bow Saw
40:35 Husbandry
40:33 Gold Mining
41:49 Bloodlines
43:22 Padded Archer Armor
Connection lost

Rejoining the realm…

Still unreachable

The connection could not be restored.

Session expired

The server has moved on; the page needs a fresh start.